 Dungeon Crawl Stone Soup version 0.21.1-1-g345015fe64 (webtiles) character file.

2503 Gargoyl the Covered (level 9, 0/111 HPs)
             Began as a Centaur Abyssal Knight on June 23, 2018.
             Was an Elder of Lugonu.
             Slain by makkenr95's ghost (6 damage)
             ... on level 7 of the Dungeon.
             The game lasted 00:21:10 (10193 turns).

Gargoyl the Covered (Centaur Abyssal Knight)       Turns: 10193, Time: 00:21:10

Health: 0/111      AC: 24    Str: 20    XL:     9   Next: 28%
Magic:  14/14      EV:  1    Int: 11    God:    Lugonu [****..]
Gold:   356        SH:  0    Dex: 14    Spells: 8/8 levels left

rFire    . . .     SeeInvis .   a - +2 hand axe
rCold    . . .     Gourm    .   (no shield)
rNeg     + + +     Faith    .   (armour currently unavailable)
rPois    +         Spirit   .   (helmet currently unavailable)
rElec    .         Reflect  .   (cloak currently unavailable)
rCorr    .         Harm     .   (gloves currently unavailable)
MR       .....     Rnd*Rage +   (no barding) Stlth +.........NoTele +
                                p - amulet of magic regeneration
HPRegen  0.28/turn              g - ring of poison resistance
MPRegen  0.39/turn              r - +4 ring of dexterity

@: mighty, tree-form
A: large, berserk 1, clumsy 1, high mp 1, evolution 1
a: Depart the Abyss, Bend Space, Banish, Corrupt, Renounce Religion


You were on level 7 of the Dungeon.
You worshipped Lugonu.
Lugonu was greatly pleased with you.
You were not hungry.
You were a tree.
You visited 1 branch of the dungeon, and saw 7 of its levels.
You visited the Abyss 1 time.

You collected 356 gold pieces.

Inventory:

Hand Weapons
 a - a +2 hand axe (weapon)
Armour
 j - a +0 plate armour (melded)
 o - a +2 pair of gloves (melded)
Jewellery
 c - an uncursed amulet of regeneration {unknown}
 g - a ring of poison resistance (left branch)
 p - an amulet of magic regeneration (around neck)
 r - a +4 ring of dexterity (right branch)
 s - an uncursed ring of protection from fire {unknown}
Wands
 e - a wand of enslavement (11)
 q - a wand of flame (12)
 u - a wand of polymorph (14)
Scrolls
 b - 2 scrolls of teleportation
 h - a scroll of remove curse
 i - 2 scrolls of blinking
 m - 3 scrolls of identify
Potions
 d - a potion of curing {unknown}
 l - a potion of cancellation
Comestibles
 f - 7 rations


   Skills:
 + Level 5.3 Fighting
 + Level 6.0 Axes
 * Level 6.2 Armour
 + Level 2.1 Dodging
 * Level 5.8 Invocations
 + Level 0.5 Evocations


You had 8 spell levels left.
You didn't know any spells.

Dungeon Overview and Level Annotations

Branches:
Dungeon (7/15)             Temple (0/1) D:7

Altars:
Makhleb
Nemelex Xobeh
Okawaru
Qazlal
Ru
Trog
Uskayaw
Yredelemnul
The Shining One

Annotations:
D:3 359359's ghost, amateur TeFE
D:7 makkenr95's ghost, novice MiFi


Innate Abilities, Weirdness & Mutations

((You have hooves in place of feet.))
((Armour fits poorly on your strangely shaped body.))
((You cover ground very quickly.))
((You have extremely tough skin. (AC +3)))
You tend to lose your temper in combat.
You are clumsy. (Dex -2)
((Your flesh is cold resistant. (rC+)))
You have an increased reservoir of magic. (+10% MP)
You evolve.


Message History

Makkenr95's ghost hits you!
* * * LOW HITPOINT WARNING * * *
You hit makkenr95's ghost.
Makkenr95's ghost is severely damaged.
Makkenr95's ghost hits you.
* * * LOW HITPOINT WARNING * * *
You barely miss makkenr95's ghost.
Makkenr95's ghost is severely damaged.
Makkenr95's ghost hits you.
* * * LOW HITPOINT WARNING * * *
You hit makkenr95's ghost but do no damage.
Makkenr95's ghost is severely damaged.
Makkenr95's ghost hits you but does no damage.
You slash makkenr95's ghost!
Makkenr95's ghost is almost destroyed.
Makkenr95's ghost hits you but does no damage.
You hit makkenr95's ghost.
Makkenr95's ghost is almost destroyed.
Makkenr95's ghost hits you.
You die...

...####
#..###...#...# ...#
#..##.......## ##..#
#..........## ##..#
...##..## .... .#
##.# ..... #..#
#..... #..##### ....
##......# #..#
#♣...##.# #...#....
#.W.### #...#....
....## .........
.......
.......###........
...................
....................
...................#
........# .......#


You could see makkenr95's ghost.

Vanquished Creatures
  Prince Ribbit (D:7)
  Sigmund (D:3)
  A sky beast (D:7)
  An ice beast (D:7)
  4 phantoms
  An orc warrior (D:7)
  4 ogres
  2 centaurs (D:5)
  2 bullfrogs (D:6)
  3 howler monkeys
  2 crimson imps
  A bullfrog zombie (D:6)
  An orc priest (D:7)
  4 orc wizards
  2 centaur skeletons
  3 hounds
  2 iguanas
  Natasha (D:2)
  3 worker ants
  A killer bee zombie (D:6)
  2 hound zombies (D:5)
  4 adders
  5 oozes
  An adder zombie (D:7)
  An adder skeleton (D:6)
  A worm (D:6)
  3 dart slugs
  5 leopard geckos
  18 orcs
  A ball python (D:2)
  5 giant cockroaches
  9 hobgoblins
  16 jackals
  8 kobolds
  A quokka (D:3)
  2 bats
  4 frilled lizards
  7 goblins
  A leopard gecko zombie (D:6)
  9 rats
143 creatures vanquished.

Vanquished Creatures (others)
  A wizard (D:5)
1 creature vanquished.

Grand Total: 144 creatures vanquished

Notes
Turn   | Place    | Note
-------+----------+-------------------------------------------
     0 | Abyss:1  | Gargoyl the Centaur Abyssal Knight began the quest for the Orb.
     0 | Abyss:1  | Reached XP level 1. HP: 19/19 MP: 2/2
     8 | Abyss:1  | Gained mutation: You expend magic power (3 MP) to strengthen your wands. [potion of mutation]
     8 | Abyss:1  | Gained mutation: Your flesh is cold resistant. (rC+) [potion of mutation]
     8 | Abyss:1  | Gained mutation: Scrolls take you a little longer to read. [potion of mutation]
     8 | Abyss:1  | Gained mutation: Your system is resistant to poisons. (rPois) [potion of mutation]
    39 | Abyss:2  | Found a corrupted altar of Lugonu.
    67 | Abyss:3  | Found a corrupted altar of Lugonu.
    92 | Abyss:3  | Noticed a fire bat
    92 | Abyss:3  | Noticed a fire bat
    94 | D:1      | Escaped the Abyss
   386 | D:1      | Reached * piety under Lugonu
   464 | D:1      | Reached XP level 2. HP: 26/26 MP: 3/3
   519 | D:1      | Reached skill level 1 in Dodging
   866 | D:1      | Reached XP level 3. HP: 29/31 MP: 4/4
  1351 | D:2      | Found a sacrificial altar of Ru.
  1418 | D:2      | Noticed Natasha
  1421 | D:2      | Killed Natasha
  1421 | D:2      | Reached XP level 4. HP: 34/38 MP: 4/6
  1454 | D:2      | Found a faded altar of an unknown god.
  1564 | D:2      | Reached ** piety under Lugonu
  1738 | D:2      | Found a burning altar of Makhleb.
  1738 | D:2      | Found an iron altar of Okawaru.
  1743 | D:2      | Found a basalt altar of Yredelemnul.
  1745 | D:2      | Found a faded altar of an unknown god.
  1747 | D:2      | Found a bloodstained altar of Trog.
  1932 | D:3      | Noticed 359359's ghost (amateur TeFE)
  2410 | D:3      | Found a sparkling altar of Nemelex Xobeh.
  2550 | D:3      | Noticed Sigmund
  2580 | D:3      | Killed Sigmund
  2580 | D:3      | Reached XP level 5. HP: 27/46 MP: 7/7
  2580 | D:3      | Reached XP level 6. HP: 31/52 MP: 8/8
  3754 | D:4      | Reached *** piety under Lugonu
  3971 | D:5      | Entered Level 5 of the Dungeon
  4847 | D:4      | Reached XP level 7. HP: 27/59 MP: 9/9
  5267 | D:4      | Found a hide-covered altar of Uskayaw.
  6760 | D:5      | Found a bloodstained altar of Trog.
  6763 | D:5      | Noticed a wizard
  6769 | D:5      | Killed a wizard
  6873 | D:5      | Found a glowing golden altar of the Shining One.
  6920 | D:5      | Reached XP level 8. HP: 60/67 MP: 11/11
  7083 | D:5      | Lost mutation: Scrolls take you a little longer to read. [potion of mutation]
  7083 | D:5      | Lost mutation: You expend magic power (3 MP) to strengthen your wands. [potion of mutation]
  7083 | D:5      | Lost mutation: Your system is resistant to poisons. (rPois) [potion of mutation]
  7083 | D:5      | Gained mutation: You evolve. [potion of mutation]
  7083 | D:5      | Gained mutation: You are clumsy. (Dex -2) [potion of mutation]
  7083 | D:5      | Gained mutation: You tend to lose your temper in combat. [potion of mutation]
  7083 | D:5      | Gained mutation: You have an increased reservoir of magic. (+10% MP) [potion of mutation]
  7562 | D:6      | Reached skill level 5 in Armour
  8216 | D:6      | Reached skill level 5 in Axes
  8216 | D:6      | Reached skill level 5 in Invocations
  8906 | D:7      | Found a staircase to the Ecumenical Temple.
  8967 | D:7      | Reached **** piety under Lugonu
  9087 | D:7      | Reached skill level 5 in Fighting
  9087 | D:7      | Reached XP level 9. HP: 26/74 MP: 14/14
  9355 | D:7      | Found a stormy altar of Qazlal.
  9535 | D:7      | Noticed Prince Ribbit
  9846 | D:7      | Killed Prince Ribbit
 10150 | D:7      | Noticed makkenr95's ghost (novice MiFi)
 10193 | D:7      | Slain by makkenr95's ghost

Skill      XL: |  1  2  3  4  5  6  7  8  9 |
---------------+----------------------------+-----
Dodging        | 1 2 |  2.1
Axes           | 2 3 4 5 6 |  6.0
Armour         | 2 3 4 5 6 |  6.2
Invocations    | 3 4 5 |  5.8
Fighting       | 4 5 |  5.3
Evocations     | |  0.5

Action                   |  1- 3 |  4- 6 |  7- 9 || total
-------------------------+-------+-------+-------++-------
Melee: Hand axe          |    69 |   211 |   405 ||   685
       Kick              |    12 |    38 |    95 ||   145
Invok: Depart the Abyss  |     1 |       |       ||     1
       Bend Space        |       |     1 |       ||     1
Evoke: Wand              |       |       |     5 ||     5
  Use: Potion            |     2 |     3 |     4 ||     9
       Scroll            |    11 |     2 |     3 ||    16
 Stab: Fleeing           |       |     2 |       ||     2
  Eat: Chunk             |     1 |     6 |     8 ||    15
       Ration            |       |     1 |     2 ||     3
Armor: Scale mail        |    36 |   130 |   141 ||   307
       Plate armour      |       |       |   129 ||   129
       Skin              |       |       |     2 ||     2
Dodge: Dodged            |    28 |    77 |   105 ||   210
